 Dungeon Sprint DCSS version 0.21-a0-508-gf08a75f (webtiles) character file.

10686 InappropriateContent the Fighter (level 11, -10/80 HPs)
             Began as a Gargoyle Berserker on Nov 28, 2017.
             Was a High Priest of Nemelex Xobeh.
             Killed from afar by a yellow draconian (11 damage)
             ... with a glob of acid
             ... in the Dungeon (Sprint V: "Ziggurat Sprint").
             The game lasted 00:25:42 (702 turns).

InappropriateContent the Fighter (GrBe)              Turns: 702, Time: 00:25:43

Health: -10/80     AC: 34    Str: 30    XL:     11   Next: 66%
Magic:  12/12      EV:  4    Int: 13    God:    Nemelex Xobeh [*****.]
Gold:   0          SH: 31    Dex:  9    Spells: 10/10 levels left

rFire    + . .     SeeInvis .   j - +9 sword of Zonguldrok {reap}
rCold    + . .     Gourm    .   a - +18 shield of the Gong {rElec rN+ MR+ EV-5}
rNeg     + + +     Faith    .   i - +5 gold dragon scales
rPois    ∞         Spirit   .   T - +1 hat {Int+3}
rElec    +         Reflect  .   (no cloak)
rCorr    .         Harm     .   (no gloves)
MR       +....     NoTele   +   Q - +1 pair of boots {Stlth+}
Stlth    ..........             (no amulet)
HPRegen  0.23/turn              C - +6 ring of strength
MPRegen  0.13/turn              A - ring of Xom's Capriciousness {rN+ Int+2 Slay+5}

@: studying Conjurations
A: low mp 1, negative energy resistance 1, electricity resistance, unbreathing,
petrification resistance, rot immunity, AC +8
a: Triple Draw, Deal Four, Stack Five, Renounce Religion


You were in the Dungeon.
You worshipped Nemelex Xobeh.
Nemelex Xobeh was extremely pleased with you.
You were not hungry.

You visited 1 branch

Inventory:

Hand Weapons
 j - the +9 sword of Zonguldrok (weapon) {reap}
   (You found it in the Dungeon)

   If a monster killed with it leaves a corpse in good enough shape, the corpse
   will be animated as a zombie friendly to the killer.
 y - the +7 great mace "Firestarter" {inner flame, rF++}
   (You found it in the Dungeon)

   It has been specially enchanted to burn those struck by it, causing extra
   injury to most foes and up to half again as much damage against particularly
   susceptible opponents.
   It greatly protects you from fire.
Armour
 a - the +18 shield of the Gong (worn) {rElec rN+ MR+ EV-5}
   (You found it in the Dungeon)

   It affects your evasion (-5).
   It insulates you from electricity.
   It protects you from negative energy.
   It affects your resistance to hostile enchantments.
 i - +5 gold dragon scales (worn)
 Q - a +1 pair of boots of stealth (worn)
 T - a +1 hat of intelligence (worn)
Jewellery
 A - the ring of Xom's Capriciousness (right hand) {rN+ Int+2 Slay+5}
   (You found it in the Dungeon)

   [ring of positive energy]

   It affects your intelligence (+2).
   It affects your accuracy and damage with ranged weapons and melee attacks
   (+5).
   It protects you from negative energy.
 C - a +6 ring of strength (left hand)
 D - a +6 ring of strength
 P - an uncursed ring of stealth
 U - the amulet "Itayx" {*Drain *Slow +Rage rPois Dex+8}
   (You found it in the Dungeon)

   [amulet of rage]

   It affects your dexterity (+8).
   It protects you from poison.
   It lets you go berserk.
   It causes draining when unequipped.
   It may slow you when you take damage.
Wands
 E - a wand of disintegration (6)
 F - a wand of iceblast (7)
 G - a wand of acid (7)
Scrolls
 h - 4 scrolls of blinking
 m - 7 scrolls of fog
 n - a scroll of holy word
 o - 5 scrolls of identify
 p - 5 scrolls of remove curse
 q - 2 scrolls of fear
 x - 4 scrolls of amnesia
Potions
 c - 10 potions of curing
 d - 6 potions of heal wounds
 e - 6 potions of haste
 f - 7 potions of magic
 g - 3 potions of berserk rage
 r - 2 potions of brilliance
 s - 2 potions of invisibility
 t - 4 potions of resistance
 v - 5 potions of agility
 w - 5 potions of might
Books
 S - a manual of Conjurations
Miscellaneous
 u - a plain deck of summoning {drawn: 3}
 z - a plain deck of summoning {drawn: 8}
 B - a plain deck of summoning
 H - a lightning rod (4/4)
 I - an ornate deck of summoning {drawn: 1}
 J - a phantom mirror
 K - a lamp of fire
 M - an ornate deck of destruction {drawn: 2}
 N - a fan of gales
 O - an ornate deck of summoning
 R - a plain deck of destruction {drawn: 2}
 V - a plain deck of destruction
Comestibles
 b - 5 bread rations
 k - 42 fruits
 l - 4 meat rations
 L - 3 royal jellies


   Skills:
 * Level 14.4 Fighting
 * Level 13.6 Long Blades
 * Level 11.5 Armour
 * Level 9.1 Dodging
 + Level 3.0 Stealth
 * Level 12.1 Shields
 - Level 5.4 Unarmed Combat
 * Level 5.9 Conjurations
 + Level 4.2 Invocations


You had 10 spell levels left.
You didn't know any spells.

Dungeon Overview and Level Annotations

Branches:
Dungeon (1/1)

Altars:
Ashenzari
Cheibriados
Dithmenos
Elyvilon
Fedhas
Gozag
Hepliaklqana
Kikubaaqudgha
Makhleb
Nemelex Xobeh
Okawaru
Qazlal
Ru
Sif Muna
Trog
Uskayaw
Vehumet
Wu Jian
Xom
Yredelemnul
Zin
The Shining One
Beogh
Jiyva
Lugonu


Innate Abilities, Weirdness & Mutations

You are resistant to torment.
Your stone body is resilient. (AC +8)
You are immune to poison.
You resist negative energy. (rN+)
You are resistant to electric shocks. (rElec)
You can survive without breathing.
You are immune to petrification.
You are immune to rotting.
Your magical capacity is low. (-10% MP)


Message History

The purple draconian breathes dispelling energy at you.
The bolt of dispelling energy hits you!
Your magical effects are unravelling.
* * * LOW HITPOINT WARNING * * *
The Orb Guardian hits you!
* * * LOW HITPOINT WARNING * * *
You cut the purple draconian into ribbons!!!
You kill the purple draconian!
Your Stealth skill increases to level 3!
Your Shields skill increases to level 12!
You feel less vulnerable to fire.
The purple draconian hits you but does no damage.
You block the yellow draconian's attack.
PANG!
You block the Orb Guardian's attack.
GONNNNG!
The yellow draconian throws acid at you.
The glob of acid hits you!
You die...
Your body glows slightly and disappears.

▓...8©8...
▓...).|:..▓..:.)[[..
▓..|}=|:..▓..[)..|..
▓.........▓.........
▓.........▓.........
▓...d.....▓.........
▓ld.dd....▓.........
▓dX▓)d.▓..▓.........
▓.▓@d...▓.▓.▓.....▓.
▓....©..§.▓....©....
▓▓▓▓▓▓▓▓▓▓▓▓▓▓▓▓▓▓▓▓


You could see 2 draconians, 2 draconians, 2 draconians, a white draconian, an
Orb Guardian and a wyvern.

Vanquished Creatures
  An Orb Guardian (D)
  A purple draconian (D)
  A red draconian (D)
  A fire crab (D)
  A death drake (D)
  4 deep elf magi (D)
  A komodo dragon (D)
  A polar bear (D)
  2 merfolk (D)
  2 slime creatures (D)
  A raiju (D)
  A black bear (D)
  A necrophage (D)
  4 wolves (D)
  A crocodile (D)
  3 scorpions (D)
  2 crimson imps (D)
  A jelly (D)
  A river rat (D)
  A shadow imp (D)
  A giant cockroach zombie (D)
32 creatures vanquished.

Vanquished Creatures (collateral kills)
  A deep elf knight (D)
  A deep elf archer (D)
  A shining eye (D)
  An orc sorcerer (D)
  A deep elf mage (D)
  2 rime drakes (D)
  An ice devil (D)
  A komodo dragon (D)
  A troll (D)
  A jumping spider (D)
  4 merfolk (D)
  3 slime creatures (D)
  An air elemental (D)
  2 spriggans (D)
  A golden eye (D)
  A basilisk (D)
  A floating eye (D)
  A swamp drake (D)
  An ice beast (D)
  A swamp drake (shapeshifter) (D)
  A crimson imp (D)
  4 jellies (D)
  A white imp (D)
  An ooze (D)
  A jackal (D)
35 creatures vanquished.

Grand Total: 67 creatures vanquished

Notes
Turn   | Place    | Note
-------+----------+-------------------------------------------
     0 | D        | Found the +6 Majin-Bo {vamp, Archmagi MP+6 Int+6}
     0 | D        | Found the +7 great mace "Firestarter" {inner flame, rF++}
     0 | D        | InappropriateContent the Gargoyle Berserker began the quest for the Orb.
     0 | D        | Reached XP level 1. HP: 14/14 MP: 1/1
    14 | D        | Found a blossoming altar of Fedhas.
    15 | D        | Found a viscous altar of Jiyva.
    15 | D        | Found a hazy altar of Hepliaklqana.
    15 | D        | Found a transporter.
    15 | D        | Found an opulent altar of Gozag.
    15 | D        | Found an ancient bone altar of Kikubaaqudgha.
    15 | D        | Found a corrupted altar of Lugonu.
    18 | D        | Found a burning altar of Makhleb.
    19 | D        | Found an iron altar of Okawaru.
    19 | D        | Found a stormy altar of Qazlal.
    19 | D        | Found a sparkling altar of Nemelex Xobeh.
    19 | D        | Found a sacrificial altar of Ru.
    19 | D        | Found a deep blue altar of Sif Muna.
    23 | D        | Found the +9 heavy crossbow "Sniper" {velocity, Acc+∞ SInv}
    23 | D        | Found the +10 dark maul {crush}
    23 | D        | Found the +15 Maxwell's patent armour {-Cast -Tele rElec MR+ rCorr}
    23 | D        | Found the +18 shield of the Gong {rElec rN+ MR+ EV-5}
    23 | D        | Found the cursed +14 obsidian axe {chop, +Fly SInv *Curse}
    25 | D        | Found the +6 shillelagh "Devastator" {shatter}
    25 | D        | Found the +11 plutonium sword {*Contam Stlth-}
    25 | D        | Found the +8 lance "Wyrmbane" {slay drac, rPois rF+ rC+ AC+3}
    25 | D        | Found the +9 sword of Zonguldrok {reap}
    25 | D        | Found the cursed +13 scythe of Curses {drain, *Curse}
    25 | D        | Found the +0 sword of Power
    25 | D        | Found the +14 mace of Variability {chaos}
    25 | D        | Found the +7 Singing Sword
    25 | D        | Found the +7 longbow "Piercer" {penet, EV-2}
    34 | D        | Found a bloodstained altar of Trog.
    88 | D        | Fell from the grace of Trog
    88 | D        | Became a worshipper of Nemelex Xobeh the Trickster
    98 | D        | Entered arena 2.
    98 | D        | Noticed a necrophage
    98 | D        | Received a gift from Nemelex Xobeh
    98 | D        | Found a transporter.
   105 | D        | Killed a necrophage
   105 | D        | Reached skill level 6 in Fighting
   105 | D        | Reached skill level 1 in Long Blades
   105 | D        | Reached skill level 5 in Unarmed Combat
   105 | D        | Reached XP level 2. HP: 23/23 MP: 2/2
   105 | D        | Reached XP level 3. HP: 28/28 MP: 3/3
   105 | D        | Reached XP level 4. HP: 32/32 MP: 4/4
   113 | D        | Entered arena 3.
   113 | D        | Reached * piety under Nemelex Xobeh
   113 | D        | Found a transporter.
   119 | D        | Reached skill level 7 in Fighting
   119 | D        | Reached XP level 5. HP: 38/38 MP: 5/5
   121 | D        | Reached skill level 8 in Fighting
   121 | D        | Reached skill level 1 in Shields
   124 | D        | Reached skill level 9 in Fighting
   130 | D        | Got the ring of Xom's Capriciousness {rN+ Int+2 Slay+5}
   138 | D        | Entered arena 4.
   138 | D        | Received a gift from Nemelex Xobeh
   138 | D        | Found a transporter.
   141 | D        | Reached skill level 5 in Armour
   141 | D        | Reached XP level 6. HP: 47/47 MP: 6/6
   143 | D        | Reached skill level 1 in Invocations
   155 | D        | Entered arena 5.
   155 | D        | Noticed a floating eye
   155 | D        | Noticed a golden eye
   155 | D        | Reached ** piety under Nemelex Xobeh
   155 | D        | Found a transporter.
   156 | D        | Paralysed by a floating eye for 3 turns
   158 | D        | Killed a golden eye
   158 | D        | Reached skill level 10 in Fighting
   160 | D        | Killed a floating eye
   160 | D        | Reached skill level 5 in Long Blades
   160 | D        | Reached XP level 7. HP: 53/53 MP: 6/8
   172 | D        | Entered arena 6.
   172 | D        | Noticed a merfolk
   172 | D        | Noticed a merfolk
   172 | D        | Noticed a merfolk
   172 | D        | Noticed a merfolk
   172 | D        | Noticed a merfolk
   172 | D        | Received a gift from Nemelex Xobeh
   172 | D        | Found a transporter.
   182 | D        | Killed a merfolk
   182 | D        | Reached skill level 11 in Fighting
   183 | D        | Killed a merfolk
   183 | D        | Reached skill level 5 in Dodging
   187 | D        | Killed a merfolk
   188 | D        | Killed a merfolk
   188 | D        | Reached XP level 8. HP: 52/60 MP: 9/9
   190 | D        | Killed a merfolk
   229 | D        | Reached skill level 12 in Fighting
   229 | D        | Reached skill level 5 in Shields
   229 | D        | Reached XP level 9. HP: 66/66 MP: 10/10
   232 | D        | Entered arena 7.
   232 | D        | Noticed an ice devil
   232 | D        | Noticed a polar bear
   232 | D        | Noticed a rime drake
   232 | D        | Noticed a rime drake
   232 | D        | Reached *** piety under Nemelex Xobeh
   237 | D        | Killed a rime drake
   238 | D        | Found a transporter.
   238 | D        | Received a gift from Nemelex Xobeh
   239 | D        | Killed a polar bear
   242 | D        | Killed a rime drake
   245 | D        | Killed an ice devil
   245 | D        | Reached skill level 1 in Stealth
   261 | D        | Entered arena 8.
   264 | D        | Reached skill level 13 in Fighting
   271 | D        | Found a transporter.
   289 | D        | Got the cursed ring of Fighting Over It {Str-4 Int+3}
   291 | D        | Entered arena 9.
   291 | D        | Noticed a komodo dragon
   291 | D        | Noticed a komodo dragon
   291 | D        | Reached **** piety under Nemelex Xobeh
   291 | D        | Received a gift from Nemelex Xobeh
   295 | D        | Reached skill level 10 in Long Blades
   303 | D        | Reached XP level 10. HP: 73/73 MP: 10/12
   314 | D        | Found a transporter.
   335 | D        | Entered arena 10.
   335 | D        | Noticed a cyclops
   335 | D        | Noticed a cyclops
   335 | D        | Received a gift from Nemelex Xobeh
   338 | D        | Noticed a glowing shapeshifter
   338 | D        | a merfolk changed into a glowing shapeshifter
   338 | D        | a cyclops changed into a jumping spider
   338 | D        | Noticed a death drake
   338 | D        | a merfolk changed into a death drake
   338 | D        | Noticed a fire crab
   338 | D        | a cyclops changed into a fire crab
   339 | D        | a glowing shapeshifter changed into a rime drake
   341 | D        | Found a transporter.
   357 | D        | Killed a fire crab
   357 | D        | Reached skill level 10 in Armour
   373 | D        | Killed a death drake
   461 | D        | Entered arena 11.
   461 | D        | Noticed a deep elf mage
   461 | D        | Noticed a deep elf mage
   461 | D        | Noticed a deep elf mage
   461 | D        | Noticed a deep elf mage
   461 | D        | Noticed a deep elf archer
   461 | D        | Noticed a deep elf mage
   461 | D        | Noticed a deep elf knight
   461 | D        | Noticed an orc sorcerer
   461 | D        | Reached ***** piety under Nemelex Xobeh
   461 | D        | Received a gift from Nemelex Xobeh
   467 | D        | Killed a deep elf mage
   468 | D        | Killed a deep elf mage
   468 | D        | Killed an orc sorcerer
   469 | D        | Killed a deep elf mage
   470 | D        | Killed a deep elf mage
   471 | D        | Killed a deep elf knight
   471 | D        | Reached skill level 10 in Shields
   471 | D        | Reached XP level 11. HP: 55/79 MP: 13/13
   475 | D        | Found a transporter.
   475 | D        | Killed a deep elf mage
   477 | D        | Killed a deep elf archer
   477 | D        | Reached skill level 14 in Fighting
   505 | D        | Entered arena 12.
   508 | D        | Noticed a shining eye
   508 | D        | Gained mutation: Your magical capacity is low. (-10% MP) [a shining eye]
   509 | D        | Found a transporter.
   513 | D        | Reached skill level 1 in Conjurations
   519 | D        | Killed a shining eye
   662 | D        | Got the amulet "Itayx" {*Drain *Slow +Rage rPois Dex+8}
   664 | D        | Got the ring "Eriotihu" {MR+ Str+2}
   679 | D        | Entered arena 13.
   679 | D        | Noticed a purple draconian
   679 | D        | Noticed a red draconian
   679 | D        | Noticed an Orb Guardian
   679 | D        | Noticed a yellow draconian
   679 | D        | Noticed a yellow draconian
   679 | D        | Received a gift from Nemelex Xobeh
   680 | D        | Noticed a red draconian
   681 | D        | Noticed a red draconian
   681 | D        | Noticed a purple draconian
   681 | D        | Noticed a purple draconian
   681 | D        | Noticed a white draconian
   683 | D        | Noticed an Orb Guardian
   692 | D        | Killed a red draconian
   695 | D        | Killed an Orb Guardian
   695 | D        | Reached skill level 5 in Conjurations
   701 | D        | HP: 1/80 [Orb Guardian (11)]
   702 | D        | Killed a purple draconian
   702 | D        | Killed from afar by a yellow draconian

Vault maps used:
D:        sprint_v

Skill      XL: |  1  2  3  4  5  6  7  8  9 10 11 |
---------------+----------------------------------+-----
Fighting       | 6 7 9 10 11 12 13 14 | 14.4
Long Blades    | 1 2 3 5 7 8 10 12 13 | 13.6
Armour         | 3 4 5 6 7 8 9 10 11 | 11.5
Dodging        | 2 3 4 5 6 7 8 9 |  9.1
Unarmed Combat | 5 |  5.4
Shields        | 1 2 4 5 7 10 12 | 12.1
Invocations    | 1 2 3 4 |  4.2
Stealth        | 1 2 3 |  3.0
Conjurations   | 5 |  5.9

Action                   |  1- 3 |  4- 6 |  7- 9 | 10-12 || total
-------------------------+-------+-------+-------+-------++-------
Melee: Double sword      |     5 |    14 |    22 |    63 ||   104
Evoke: Deck              |     1 |     1 |     3 |    11 ||    16
       Wand              |       |       |       |     1 ||     1
  Use: Potion            |       |       |     2 |     3 ||     5
 Stab: Distracted        |       |       |     1 |     1 ||     2
Armor: Gold dragon scale |     3 |     6 |    13 |    70 ||    92
Dodge: Dodged            |       |       |     2 |     4 ||     6
Block: Shield            |     5 |    17 |    46 |   132 ||   200

Table legend:
 A = Spawn XP
 B = Non-spawn XP
 C = Spawn XP percentage of total XP
 D = Spawn monster count
 E = Non-spawn monster count
 F = Spawn count percentage of total count
 G = Total turns spent on level
                    A         B        C        D         E        F      G
               +---------+---------+-------+---------+---------+-------+---------
         Total |       0 |   13861 |   0.0 |       0 |      67 |   0.0 |   702
               +---------+---------+-------+---------+---------+-------+---------
             D |       0 |   13861 |   0.0 |       0 |      67 |   0.0 |   702
               +---------+---------+-------+---------+---------+-------+---------
